 Dungeon Crawl Stone Soup version 0.22-a0-280-g69bf1f3 (webtiles) character file.

34 tidbits the Insei (level 3, 9/28 HPs)
             Began as a Gnoll Transmuter on Mar 16, 2018.
             Quit the game on level 3 of the Dungeon.
             The game lasted 00:04:07 (527 turns).

tidbits the Insei (Gnoll Transmuter)                 Turns: 527, Time: 00:04:08

Health: 9/28       AC:  2    Str: 12    XL:     3   Next: 31%
Magic:  1/9        EV: 23    Int: 16    God:
Gold:   87         SH:  0    Dex: 20    Spells: 6/12 levels left

rFire    . . .     SeeInvis .     - Unarmed
rCold    . . .     Gourm    .   (shield currently unavailable)
rNeg     . . .     Faith    .   (armour currently unavailable)
rPois    x         Spirit   .   (helmet currently unavailable)
rElec    .         Reflect  .   (cloak currently unavailable)
rCorr    .         Harm     .   (gloves currently unavailable)
MR       .....                  (boots currently unavailable)
Stlth    ++........             (no amulet)
HPRegen  0.09/turn              (no ring)
MPRegen  0.11/turn              (no ring)

@: lethally poisoned (9 -> -3), spider-form
A: tiny, distributed training, strong nose
a: End Transformation


You were on level 3 of the Dungeon.
You were not hungry.
You were a venomous arachnid creature.
You visited 1 branch of the dungeon, and saw 3 of its levels.

You collected 87 gold pieces.

Inventory:

Hand Weapons
 j - a +0 war axe
Missiles
 a - 24 arrows
 e - 16 sling bullets
 i - 6 tomahawks (quivered)
 k - 4 stones
Armour
 b - a +0 robe (melded)
 g - +0 shadow dragon scales
 C - a +0 cloak (melded)
Wands
 l - a wand of polymorph (18)
Scrolls
 c - 2 scrolls of teleportation {unknown}
 f - a scroll of fog {unknown}
 h - a scroll of immolation {unknown}
Comestibles
 d - 2 rations


   Skills:
 + Level 2.6 Fighting
 + Level 0.7 Short Blades
 + Level 0.7 Long Blades
 + Level 0.7 Axes
 + Level 0.7 Maces & Flails
 + Level 0.7 Polearms
 + Level 0.7 Staves
 + Level 0.7 Slings
 + Level 0.7 Bows
 + Level 0.7 Crossbows
 + Level 0.7 Throwing
 + Level 0.7 Armour
 + Level 4.5 Dodging
 + Level 0.7 Stealth
 + Level 0.7 Shields
 + Level 6.5 Unarmed Combat
 + Level 5.0 Spellcasting
 + Level 0.5 Conjurations
 + Level 0.5 Hexes
 + Level 0.5 Charms
 + Level 0.5 Summonings
 + Level 0.5 Necromancy
 + Level 0.5 Translocations
 + Level 3.7 Transmutations
 + Level 0.5 Fire Magic
 + Level 0.5 Ice Magic
 + Level 0.5 Air Magic
 + Level 0.5 Earth Magic
 + Level 0.5 Poison Magic
 + Level 0.9 Invocations
 + Level 0.7 Evocations


You had 6 spell levels left.
You knew the following spells:

 Your Spells              Type           Power        Failure   Level  Hunger
e - Beastly Appendage     Tmut           ###...       11%         1    None
k - Sticks to Snakes      Tmut           ###.....     14%         2    #......
p - Spider Form           Tmut/Pois      ##........   38%         3    ###....


Dungeon Overview and Level Annotations

Branches:
Dungeon (3/15)

Altars:
Elyvilon
Gozag
Hepliaklqana
Qazlal


Innate Abilities, Weirdness & Mutations

Your experience applies equally to all skills.
((You have very sharp teeth.))
Your uncanny sense of smell can sniff out nearby items.


Message History

Found 12 gold pieces.
You hit the bat.
You kill the bat!
Your transformation is almost over.
You see here 12 gold pieces.
You now have 87 gold pieces (gained 12).
Your ball python withers and dies!
Your transformation has ended.
Your +0 cloak unmelds from your body.
Your +0 robe unmelds from your body.
Found a stormy altar of Qazlal.
A quokka and a dart slug come into view.
The dart slug launches a dart at you. The slug dart hits you!
* * * LOW HITPOINT WARNING * * *
Casting: Spider Form (safe; 19% risk of failure)
Confirm with . or Enter, or press ? or * to list all spells.
You turn into a venomous arachnid creature.
Your +0 cloak melds into your body.
Your +0 robe melds into your body.
The dart slug launches a dart at you. The slug dart misses you.
A bat and an orc come into view.
Found a white marble altar of Elyvilon.
Found a stone staircase leading down.
The orc shouts!
You hear a shout! x2
The dart slug barely misses you.
Found 20 stones.
Found a hazy altar of Hepliaklqana.
Unknown command.
You hit the dart slug.
The dart slug is heavily wounded.
The bat misses you. The dart slug closely misses you.
The bat closely misses you.
You hit the dart slug but do no damage.
The dart slug is poisoned.
The dart slug is heavily wounded.
The bat hits you.
* * * LOW HITPOINT WARNING * * *
The quokka closely misses you. The dart slug closely misses you.
You hit the dart slug.
The dart slug is almost dead.
You kill the dart slug!
The bat closely misses you. The quokka bites you.
* * * LOW HITPOINT WARNING * * *
You closely miss the quokka. The bat misses you.
The quokka completely misses you. The orc barely misses you.
You closely miss the quokka. The bat misses you. The quokka misses you.
The orc barely misses you.
You closely miss the orc. The bat completely misses you.
The quokka barely misses you.
Your transformation is almost over.
The orc cheers loudly.
The bat hits you.
* * * LOW HITPOINT WARNING * * *
The orc closely misses you. The quokka closely misses you.
The bat completely misses you.
You hit the bat.
The bat is poisoned.
The bat is moderately wounded.
The bat completely misses you.
You hit the quokka.
The quokka is heavily wounded.
The quokka bites you.
* * * LOW HITPOINT WARNING * * *
You barely miss the quokka.
The quokka is heavily wounded.
You kill the bat!
The quokka closely misses you.
You hit the quokka.
You kill the quokka!
You hit the orc.
The orc is poisoned.
The orc is heavily wounded.
The orc completely misses you.
You hit the orc.
The orc looks even sicker.
The orc is severely wounded.
The orc misses you.
You hit the orc.
You kill the orc!
Your transformation has ended.
Your +0 cloak unmelds from your body.
Your +0 robe unmelds from your body.
A kobold comes into view.
You see here a hand axe.
Unknown command.
Casting: Spider Form (safe; 19% risk of failure)
Confirm with . or Enter, or press ? or * to list all spells.
Okay, then.
You see here a dart slug corpse.
A gnoll comes into view. It is wielding a flail.
Casting: Spider Form (safe; 19% risk of failure)
Confirm with . or Enter, or press ? or * to list all spells.
You turn into a venomous arachnid creature.
Your +0 cloak melds into your body.
Your +0 robe melds into your body.
The kobold shouts!
The kobold wields a blowgun.
The kobold shoots a poisoned needle.
The poisoned needle misses you.
A gnoll comes into view. It is wielding a flail.
Casting: Spider Form (slightly dangerous; 38% risk of failure)
Confirm with . or Enter, or press ? or * to list all spells.
You don't have enough magic to cast that spell.
A gnoll comes into view.
The kobold shoots a poisoned needle.
The poisoned needle hits you!
You are lethally poisoned!
Found a stone staircase leading down and a stone staircase leading up.
Are you sure you want to abandon this character and quit the game? (Confirm with "yes".)

#.# #.# # #)####
.# ##†...####.# #
###...†......#..
#......._..>.gg.
.............g.#.
......_..⌠......#
.(###......s...##
. ##............#
#..._...###..#
##....#.# .#
.....##K# #
...... .. ..##.#
.## .. .< >#


You could see 3 gnolls and a kobold.

Vanquished Creatures
  A dart slug (D:3)
  2 orcs (D:3)
  6 bats
  3 giant cockroaches (D:1)
  A goblin (D:1)
  3 hobgoblins
  A kobold (D:3)
  A quokka (D:3)
  4 frilled lizards
  2 rats
24 creatures vanquished.

Vanquished Creatures (collateral kills)
  A worm (D:3)
1 creature vanquished.

Grand Total: 25 creatures vanquished

Notes
Turn   | Place    | Note
-------+----------+-------------------------------------------
     0 | D:1      | tidbits the Gnoll Transmuter began the quest for the Orb.
     0 | D:1      | Reached XP level 1. HP: 17/17 MP: 6/6
   165 | D:1      | Reached XP level 2. HP: 23/23 MP: 5/7
   169 | D:1      | Learned a level 2 spell: Sticks to Snakes
   458 | D:3      | Reached XP level 3. HP: 15/28 MP: 3/9
   463 | D:3      | Learned a level 3 spell: Spider Form
   475 | D:3      | Reached skill level 5 in Spellcasting
   476 | D:3      | Found an opulent altar of Gozag.
   497 | D:3      | Found a stormy altar of Qazlal.
   500 | D:3      | Found a white marble altar of Elyvilon.
   501 | D:3      | Found a hazy altar of Hepliaklqana.
   527 | D:3      | Quit the game

Vault maps used:
D:1:      dpeg_arrival_water_temple_mockup, minivault_19
D:2:      serial_bayou_pond_a
D:3:      lemuel_crystal_altar, grunt_temple_overflow_open,
          minmay_misc_feat_ornament, nemelex_lonely_heart_becter, uniq_jessica

Skill      XL: |  1  2  3 |
---------------+----------+-----
Spellcasting   | 5 |  5.0
Fighting       | |  2.6
Short Blades   | |  0.7
Long Blades    | |  0.7
Axes           | |  0.7
Maces & Flails | |  0.7
Polearms       | |  0.7
Staves         | |  0.7
Slings         | |  0.7
Bows           | |  0.7
Crossbows      | |  0.7
Throwing       | |  0.7
Armour         | |  0.7
Dodging        | |  4.5
Stealth        | |  0.7
Shields        | |  0.7
Unarmed Combat | |  6.5
Conjurations   | |  0.5
Hexes          | |  0.5
Charms         | |  0.5
Summonings     | |  0.5
Necromancy     | |  0.5
Translocations | |  0.5
Transmutations | |  3.7
Fire Magic     | |  0.5
Ice Magic      | |  0.5
Air Magic      | |  0.5
Earth Magic    | |  0.5
Poison Magic   | |  0.5
Invocations    | |  0.9
Evocations     | |  0.7

Action                   || total
-------------------------++-------
Melee: Unarmed           ||    56
       Headbutt          ||     3
       Punch             ||     1
       Kick              ||     5
       Bite              ||     4
 Cast: Beastly Appendage ||    13
       Sticks to Snakes  ||     2
       Spider Form       ||     3
 Stab: Sleeping          ||     2
Armor: Robe              ||     5
       Skin              ||     1
Dodge: Dodged            ||    52

Table legend:
 A = Spawn XP
 B = Non-spawn XP
 C = Spawn XP percentage of total XP
 D = Spawn monster count
 E = Non-spawn monster count
 F = Spawn count percentage of total count
 G = Total turns spent on level
                    A         B        C        D         E        F      G
               +---------+---------+-------+---------+---------+-------+---------
         Total |       0 |      49 |   0.0 |       0 |      25 |   0.0 |   527
               +---------+---------+-------+---------+---------+-------+---------
           D:1 |       0 |      20 |   0.0 |       0 |      12 |   0.0 |   323
           D:2 |       0 |       2 |   0.0 |       0 |       1 |   0.0 |    58
           D:3 |       0 |      27 |   0.0 |       0 |      12 |   0.0 |   146
               +---------+---------+-------+---------+---------+-------+---------

Table legend:
 A = Turns spent in this place as a percentage of turns spent in the entire game.
 B = Non-inter-level travel turns spent in this place as a percentage of non-inter-level travel turns spent in the entire game.
 C = Inter-level travel turns spent in this place as a percentage of turns spent in this place.
 D = Turns resting spent in this place as a percentage of non-inter-level travel turns spent in this place.
 E = Turns spent auto-exploring this place as a percentage of non-inter-level travel turns spent in this place.
 F = Non-inter-level travel turns spent in this place divided by the number of levels of this place that you've seen.
                   A       B       C       D       E      F
               +-------+-------+-------+-------+-------+----------------------
         Total | 100.0 | 100.0 |   0.0 |   0.0 |   0.0 | 175.7
       Dungeon | 100.0 | 100.0 |   0.0 |   0.0 |   0.0 | 175.7
               +-------+-------+-------+-------+-------+----------------------

Table legend:
 A = Kills in this place as a percentage of kills in entire the game.
 B = Kills by you in this place as a percentage of kills by you in the entire game.
 C = Kills by friends in this place as a percentage of kills by friends in the entire game.
 D = Other kills in this place as a percentage of other kills in the entire game.
 E = Experience gained in this place as a percentage of experience gained in the entire game.
 F = Experience gained in this place divided by the number of levels of this place that you have seen.
                   A       B       C       D       E      F
               +-------+-------+-------+-------+-------+----------------------
         Total | 100.0 | 100.0 | 100.0 |   N/A | 100.0 |  16.3
       Dungeon | 100.0 | 100.0 | 100.0 |   N/A | 100.0 |  16.3
               +-------+-------+-------+-------+-------+----------------------

Vault maps used:
D:1:      dpeg_arrival_water_temple_mockup, minivault_19
D:2:      serial_bayou_pond_a
D:3:      lemuel_crystal_altar, grunt_temple_overflow_open,
          minmay_misc_feat_ornament, nemelex_lonely_heart_becter, uniq_jessica
